 Dungeon Crawl Stone Soup version 0.31-a0-703-gcfe89afef6 (webtiles) character file.

Game seed: 9419749908040118425

1897 Pooter the Cleaver (level 8, -1/73 HPs)
             Began as a Minotaur Berserker on Sept 9, 2023.
             Was a Priest of Trog.
             Slain by a two-headed ogre
             ... wielding a +0 dire flail
              (22 damage)
             ... on level 7 of the Dungeon.
             The game lasted 00:31:39 (8275 turns).

Pooter the Cleaver (Minotaur Berserker)             Turns: 8275, Time: 00:31:39

Health: -1/73      AC:  9    Str: 24    XL:     8   Next: 93%
Magic:  7/7        EV: 10    Int:  4    God:    Trog [***...]
Gold:   6          SH:  5    Dex: 10    Spells: 7/7 levels left

rFire   . . .        a - +0 battleaxe
rCold   . . .        (shield currently unavailable)
rNeg    + . .        c - +0 scale mail
rPois   .            (helmet restricted)
rElec   .            m - +0 cloak
rCorr   .            j - +1 pair of gloves
SInv    .            (no boots)
Will    ++...        q - amulet of reflection Stlth
                     N - ring of positive energy
HPRegen 1.32/turn    (no ring)
MPRegen 0.10/turn

%: reflection
@: strong-willed, on berserk cooldown, regenerating, slowed, very slow
A: horns 2, retaliatory headbutt
a: Renounce Religion, Berserk, Trog's Hand


You were on level 7 of the Dungeon.
You worshipped Trog.
Trog was most pleased with you.
You visited 1 branch of the dungeon, and saw 7 of its levels.
You also visited: Sewer.

You collected 379 gold pieces.
You spent 373 gold pieces at shops.

Inventory:

Hand Weapons
 a - a +0 battleaxe (weapon)
   (You bought it in a shop on level 3 of the Dungeon)
 b - a +0 orcbow
   (You took it off a centaur on level 5 of the Dungeon)
 n - a +0 trident
   (You took it off an orc on level 3 of the Dungeon)
 v - a +4 quarterstaff of chaos
   (You took it off Crazy Yiuf on level 2 of the Dungeon)
 w - a +0 sling of electrocution
   (You took it off a goblin on level 2 of the Dungeon)
 y - a +0 war axe
   (You found it in a sewer)
Missiles
 g - 11 poisoned darts (quivered)
 z - 6 curare-tipped darts
 Q - 58 stones
Armour
 c - a +0 scale mail (worn)
   (You found it on level 1 of the Dungeon)
 j - a +1 pair of gloves (worn)
   (You found it on level 2 of the Dungeon)
 m - a +0 cloak (worn)
   (You found it on level 2 of the Dungeon)
Jewellery
 q - an amulet of reflection (around neck)
   (You found it on level 1 of the Dungeon)
 N - a ring of positive energy (left hand)
   (You found it on level 2 of the Dungeon)
Wands
 f - a wand of flame (15)
   (You took it off Crazy Yiuf on level 2 of the Dungeon)
Scrolls
 d - a scroll of silence
 e - 2 scrolls of poison {!r}
 h - a scroll of immolation {!r}
 r - a scroll of noise {!r}
 s - 2 scrolls of enchant armour
 t - 3 scrolls of teleportation {@r4}
 A - a scroll of fog
 B - a scroll of blinking
Potions
 k - a potion of enlightenment
 l - 5 potions of heal wounds {@q2}
 o - a potion of lignification {unknown}
 p - 4 potions of curing {@q1}
 u - a potion of degeneration {unknown}
 x - a potion of brilliance {unknown}


   Skills:
 + Level 7.1 Fighting
 * Level 9.5 Axes
 * Level 7.2 Ranged Weapons
 - Level 2.4 Armour
 - Level 2.1 Dodging
 - Level 2.3 Stealth


You had 7 spell levels left.
You didn't know any spells.
Your spell library was empty.

Dungeon Overview and Level Annotations

Branches:
Dungeon (7/15) Zot: 26941   Sewer (visited)
 Temple: D:4-7

Altars:
Elyvilon
Gozag
Kikubaaqudgha
Okawaru
Sif Muna
Trog
Xom

Shops:
D:3 **

Annotations:
D:6 3 runed translucent doors, pokeman's ghost, novice DEHW


Innate Abilities, Weirdness & Mutations

You have a pair of horns on your head.
You reflexively headbutt those who attack you in melee.


Message History

A puff of flame appears from out of thin air!
The puff of flame misses you.
You barely miss something. Something hits you but does no damage.
The orc priest calls down the wrath of Beogh upon you.
Beogh smites you!
You slash something! Your headbutt misses something.
The orc priest begins to cast a cantrip, but forgets the words!
Something hits you but does no damage.
You slash something! Trog accepts your kill.
Trog appreciates your killing of a magic user.
Reactivating autopickup.
You feel a bit more experienced.
You slice the orc priest!!
You kill the orc priest!
Trog accepts your kill.
You slice the orc!!
You kill the orc!
Trog accepts your kill.
You can now call in reinforcements.
Items here: ))) [ †.
Okay, then.
You feel a strong urge to attack something.
You are no longer berserk.
You are exhausted.
You feel yourself slow down.
You feel the effects of Trog's Hand fading.
Your skin stops crawling.
You feel less strong-willed.
A two-headed ogre comes into view.
It is wielding a +0 dire flail and a +0 great mace.
The two-headed ogre shouts in stereo!
You hear the faint creaking of a very distant portcullis.
Your skin crawls.
You feel strong-willed.
You can no longer call in reinforcements.
The two-headed ogre barely misses you.
The two-headed ogre hits you with a +0 great mace!!
You slash the two-headed ogre! You headbutt the two-headed ogre.
The two-headed ogre hits you with a +0 dire flail!!
* * * LOW HITPOINT WARNING * * *
The two-headed ogre hits you with a +0 great mace!
* * * LOW HITPOINT WARNING * * *
You slash the two-headed ogre!
You headbutt the two-headed ogre, but do no damage.
You block the two-headed ogre's attack. The two-headed ogre closely misses you.
Unknown command.
You barely miss the two-headed ogre. You headbutt the two-headed ogre.
The two-headed ogre hits you with a +0 dire flail!
* * * LOW HITPOINT WARNING * * *
The two-headed ogre hits you with a +0 great mace!!
You die...

..# ..# # #.#
#.#### #.# ...#
#.# ######.###.#
###..........####
#........O......#
######
#.#.####@######.#
.....####.#......#
#
.....##......#####
......)......#
.....##......#
.....##......#
.....##......#
.....####.#....
.....# #.######


You could see a two-headed ogre.

Vanquished Creatures
  3 black bears
  An ogre (D:5)
  4 centaurs
  A phantom (D:6)
  4 bullfrogs
  A scorpion (D:5)
  A vampire bat (D:3)
  A hound (D:5)
  A jelly (D:6)
  Crazy Yiuf (D:2)
  3 orc priests
  A sleepcap (D:4)
  Natasha (twice) (D:2)
  5 iguanas
  5 orc wizards
  7 adders
  3 white imps
  An ufetubus (D:5)
  2 worms (D:4)
  7 dart slugs
  23 orcs
  13 ball pythons
  9 endoplasms
  18 giant cockroaches
  12 goblins
  14 hobgoblins
  10 jackals
  8 kobolds
  10 quokkas
  12 bats
  9 frilled lizards
  5 rats
197 creatures vanquished.

Vanquished Creatures (others)
  A kobold (D:3)
1 creature vanquished.

Grand Total: 198 creatures vanquished

Notes
Turn   | Place    | Note
-------+----------+-------------------------------------------
     0 | D:1      | Pooter the Minotaur Berserker began the quest for the Orb.
     0 | D:1      | Reached XP level 1. HP: 19/19 MP: 0/0
   264 | D:1      | Reached XP level 2. HP: 27/27 MP: 1/1
   322 | D:1      | Reached skill level 4 in Axes
   396 | D:1      | Reached skill level 1 in Stealth
   841 | D:2      | Reached XP level 3. HP: 33/33 MP: 2/2
  1006 | D:2      | Reached ** piety under Trog
  1009 | D:2      | Reached XP level 4. HP: 40/40 MP: 3/3
  1324 | D:2      | Noticed Natasha
  1333 | D:2      | Killed Natasha
  1334 | D:2      | Reached skill level 5 in Axes
  1403 | D:2      | Found a runed translucent door.
  1404 | D:2      | Noticed Crazy Yiuf
  1739 | D:2      | Noticed Natasha
  1748 | D:2      | Killed Natasha
  1749 | D:2      | Reached skill level 1 in Ranged Weapons
  1749 | D:2      | Reached XP level 5. HP: 40/47 MP: 4/4
  2149 | D:2      | Killed Crazy Yiuf
  2399 | D:3      | Found Togoynuo's General Store.
  2408 | D:3      | Bought a +0 battleaxe for 91 gold pieces
  2548 | D:3      | Found a white marble altar of Elyvilon.
  2599 | D:3      | Reached XP level 6. HP: 55/55 MP: 5/5
  2601 | D:3      | Reached skill level 6 in Axes
  2701 | D:3      | Found Ypule's General Store.
  2708 | D:3      | Bought a scroll of identify for 22 gold pieces
  2740 | D:3      | Reached *** piety under Trog
  3487 | D:4      | Reached skill level 5 in Fighting
  3650 | D:4      | Found a shimmering altar of Xom.
  3650 | D:4      | Found an ancient bone altar of Kikubaaqudgha.
  4265 | D:3      | Bought 3 scrolls of identify for 84 gold pieces
  4507 | D:5      | Entered Level 5 of the Dungeon
  4527 | D:5      | Found a shimmering blue altar of Sif Muna.
  4538 | D:5      | Reached XP level 7. HP: 53/61 MP: 6/6
  4538 | D:5      | Found an iron altar of Okawaru.
  4568 | D:5      | Reached skill level 7 in Axes
  4698 | D:5      | Found a glowing drain.
  4716 | Sewer    | Entered a sewer
  5986 | Sewer    | Reached **** piety under Trog
  6086 | Sewer    | Reached skill level 5 in Ranged Weapons
  6446 | D:5      | Reached skill level 8 in Axes
  6446 | D:5      | Reached XP level 8. HP: 70/70 MP: 7/7
  6590 | D:5      | Found a bloodstained altar of Trog.
  7177 | D:3      | Bought a potion of heal wounds for 55 gold pieces
  7177 | D:3      | Bought 6 curare-tipped darts for 79 gold pieces
  7237 | D:6      | Found a runed translucent gate.
  7237 | D:6      | Found a runed translucent gate.
  7237 | D:6      | Found a runed translucent gate.
  7415 | D:6      | Reached skill level 9 in Axes
  7908 | D:6      | Noticed a troll
  7909 | D:6      | Found an opulent altar of Gozag.
  7909 | D:6      | Noticed pokeman's ghost (novice DEHW)
  8148 | D:3      | Bought a potion of curing for 42 gold pieces
  8265 | D:7      | Noticed a two-headed ogre
  8275 | D:7      | Slain by a two-headed ogre

Illustrated notes

Levels and vault maps discovered:
D:1:      lightli_arrival_noodles, layout_loops_ring
D:2:      minmay_razor_zed, layout_basic, uniq_crazy_yiuf_cottage, uniq_natasha
D:3:      layout_loops_ring, lemuel_crystal_altar, serial_shops,
          nicolae_shop_rolling_square, nicolae_shop_tiny_statue_garden,
          roderic_batcave
D:4:      layout_cave_pods, nicolae_overflow_two_pavilions
D:5:      layout_rooms, led_sif_pool, okawaru_trees_1, trog_ov_bears_minmay,
          gup_sewer_entry_pipe
D:6:      layout_cave_pools, ebering_ghost_gozag
D:7:      layout_basic, kennysheep_mini, lemuel_temple_firewalk_b,
          enter_bailey_6, serial_park_tiny_1

Skill      XL: |  1  2  3  4  5  6  7  8 |
---------------+-------------------------+-----
Axes           | 4 5 6 8 9 |  9.5
Stealth        | 1 2 |  2.3
Fighting       | 4 5 6 7 |  7.1
Ranged Weapons | 1 2 3 5 7 |  7.2
Armour         | |  2.4
Dodging        | |  2.1

Action                     |  1- 3 |  4- 6 |  7- 9 || total
---------------------------+-------+-------+-------++-------
  Melee: Hand axe          |    70 |    61 |       ||   131
         Headbutt          |    11 |    21 |    23 ||    55
         Battleaxe         |       |    64 |   114 ||   178
   Fire: Sling             |       |   106 |       ||   106
         Orcbow            |       |       |   132 ||   132
 Invoke: Berserk           |     1 |     4 |     3 ||     8
         Trog's Hand       |       |     3 |     5 ||     8
    Use: Scroll            |       |    12 |     1 ||    13
 Armour: Animal skin       |     3 |       |       ||     3
         Scale mail        |    21 |   108 |   152 ||   281
  Dodge: Dodged            |    35 |    81 |   101 ||   217
  Block: Other             |    16 |    25 |    48 ||    89
         Buckler           |       |    20 |       ||    20
         Reflection        |       |     4 |     2 ||     6
         Form:             |     1 |       |       ||     1
         Beast             |     1 |       |       ||     1

Table legend: (Time is in decaauts)
 A = Elapsed time spent in this place.
 B = Non-inter-level travel time spent in this place.
 C = Inter-level travel time spent in this place.
 D = Time resting spent in this place.
 E = Time spent auto-exploring this place.
 F = Levels seen in this place.
 G = Mean time per level.
                   A        B        C        D        E       F      G
               +--------+--------+--------+--------+--------+-----+--------+
         Total |   8571 |   7935 |    636 |   2123 |   4345 |   8 | 1071.4 |
       Dungeon |   6731 |   6095 |    636 |    901 |   3946 |   7 |  961.6 |
         Sewer |   1839 |   1839 |      0 |   1221 |    398 |   1 | 1839.0 |
               +--------+--------+--------+--------+--------+-----+--------+

Top non-repeatable levels by time:
   Sewer: 1839 daAuts
     D:2: 1613 daAuts
     D:3: 1224 daAuts
     D:4: 1200 daAuts
     D:5: 1082 daAuts
     D:6: 785 daAuts
     D:1: 768 daAuts
     D:7: 56 daAuts
